 Dungeon Crawl Stone Soup version 0.31.0-11-ge490571c62 (webtiles) character file.

Game seed: 14001942243242456038

773 qw the Skirmisher (level 7, -8/40 HPs)
             Began as a Deep Elf Hunter on Feb 3, 2024.
             Mangled by Prince Ribbit (12 damage)
             ... on level 5 of the Dungeon.
             The game lasted 00:01:28 (4494 turns).

qw the Skirmisher (Deep Elf Hunter)                 Turns: 4494, Time: 00:01:29

Health: -8/40      AC:  5    Str: 10    XL:     7   Next: 53%
Magic:  9/9        EV: 12    Int: 14    God:
Gold:   243        SH:  0    Dex: 18    Spells: 6/6 levels left

rFire   . . .        a - +3 shortbow
rCold   . . .        (shield currently unavailable)
rNeg    . . .        b - +0 ring mail
rPois   .            (no helmet)
rElec   .            (no cloak)
rCorr   .            (no gloves)
SInv    .            (no boots)
Will    .....        d - amulet of faith
Stlth   +            (no ring)
HPRegen 0.26/turn    (no ring)
MPRegen 0.11/turn

%: faith
@: no status effects
A: no striking features
a: no special abilities


You were on level 5 of the Dungeon.
You visited 1 branch of the dungeon, and saw 5 of its levels.
You also visited: Sewer.

You collected 243 gold pieces.


   Skills:
 - Level 2.0 Fighting
 + Level 11.5 Ranged Weapons
 - Level 3.9 Dodging
 - Level 1.2 Stealth


You had 6 spell levels left.
You didn't know any spells.
Your spell library was empty.

Inventory:

Hand Weapons
 a - a +3 shortbow (weapon)
Armour
 b - a +0 ring mail (worn)
Jewellery
 d - an amulet of faith (around neck)
Wands
 c - a wand of flame (23)
Potions
 e - a potion of heal wounds {unknown}
 f - a potion of cancellation
 g - a potion of haste {unknown}

Dungeon Overview and Level Annotations

Branches:
Dungeon (5/15)              Sewer (visited)
 Temple: D:4-7

Altars:
Ashenzari
Elyvilon
Kikubaaqudgha
Yredelemnul

Annotations:
D:5 Prince Ribbit


Message History

The ufetubus closely misses you.
Prince Ribbit blinks!
The ufetubus attacks as it pursues you! The ufetubus hits you.
The ufetubus closely misses you. The phantom attacks as it pursues you!
The phantom hits you but does no damage.
The ufetubus misses you. The ufetubus closely misses you.
4488 ||| RETREEEEATING.
The ufetubus attacks as it pursues you! The ufetubus misses you.
The ufetubus barely misses you.
The ufetubus hits you but does no damage.
The ufetubus barely misses you.
4489 ||| RETREEEEATING.
You shoot an arrow. The jackal barks!
The orc shouts!
The arrow hits the ufetubus.
The ufetubus is heavily wounded.
You hear a shout!
You hear a howl!
The howler monkey hoots and howls with incredible vigour!
A jelly comes into view.
The jackal closely misses you.
You hear a shout!
You hear an angry hiss.
You shoot an arrow. The arrow closely misses the ufetubus.
The ufetubus completely misses you.
The ufetubus hits you but does no damage.
The jackal bites you but does no damage.
A phantom comes into view.
The orc misses you. The ufetubus hits you. The ufetubus closely misses you.
You shoot an arrow. The arrow hits the ufetubus!
You kill the ufetubus!
The jackal bites you. The orc closely misses you. Prince Ribbit hits you!
The jackal bites you but does no damage.
You shoot an arrow. The arrow hits Prince Ribbit.
Prince Ribbit is lightly wounded.
Prince Ribbit misses you.
The jackal bites you but does no damage.
The orc closely misses you.
You shoot an arrow. The arrow hits Prince Ribbit.
Prince Ribbit is lightly wounded.
Prince Ribbit misses you. The jackal closely misses you.
The orc closely misses you. Prince Ribbit hits you!
You die...

.....#)......#
.............#
$..##....#!.###
.. #....##...
...####h........
...........####.
.....##.hW5..#
#.....WWFh#.#
#.$.##g¤#@# . #
#..W#o#
#.....o.#o.
...(......W..
###.##.###.J..
#.. #. ##.... #)
.. .##.. . ...
.# .#. ...


You could see Prince Ribbit, 4 phantoms, a jelly, an ufetubus, 2 orcs and 3
jackals.

Vanquished Creatures
  A black bear (D:4)
  A bullfrog (D:4)
  A howler monkey (D:4)
  A gnoll bouda (D:4)
  2 jellies (Sewer)
  An orc priest (D:3)
  3 hounds (D:4)
  2 sleepcaps (D:4)
  An iguana (D:3)
  An orc wizard (D:4)
  5 gnolls
  7 adders
  A river rat (D:4)
  An ufetubus (D:5)
  2 dart slugs
  13 orcs
  5 bats
  14 endoplasms
  8 giant cockroaches
  13 hobgoblins
  13 jackals
  4 quokkas
  9 ball pythons
  4 frilled lizards
  7 goblins
  8 kobolds
  4 rats
132 creatures vanquished.

Notes
Turn   | Place    | Note
-------+----------+-------------------------------------------
     0 | D:1      | qw the Deep Elf Hunter began the quest for the Orb.
     0 | D:1      | Reached XP level 1. HP: 12/12 MP: 3/3
     0 | D:1      | 0 ||| qw: Version: 0.3-a-155-g5e7d8dd
     0 | D:1      | 0 ||| qw: Game counter: 3407
     0 | D:1      | 0 ||| qw: Melee chars always use a shield: true
     0 | D:1      | 0 ||| qw: God list: Okawaru
     0 | D:1      | 0 ||| qw: Allow faded altars: false
     0 | D:1      | 0 ||| qw: Do Orc after clearing Dungeon:15 true
     0 | D:1      | 0 ||| qw: Do second Lair branch before Depths: true
     0 | D:1      | 0 ||| qw: Lair rune preference: random
     0 | D:1      | 0 ||| qw: Goals: Normal
     0 | D:1      | 0 ||| PLANNING D:1-11
   225 | D:1      | Reached skill level 6 in Ranged Weapons
   225 | D:1      | Reached XP level 2. HP: 16/16 MP: 4/4
   396 | D:1      | Found a faded altar of an unknown god.
   715 | D:1      | 715 ||| UPGRADING to amulet of faith.
   720 | D:1      | 720 ||| READING scroll labelled ZEADDU LIGAYW.
   721 | D:1      | 721 ||| READING scroll labelled QOTOPP USUAHYSS.
   721 | D:1      | 721 ||| IDENTIFYING bubbling inky potion
   722 | D:1      | 722 ||| DROPPING scroll of butterflies.
   723 | D:1      | 723 ||| DROPPING potion of invisibility.
   769 | D:2      | Found a white marble altar of Elyvilon.
   823 | D:2      | Reached XP level 3. HP: 20/20 MP: 5/5
   861 | D:2      | 861 ||| FLEEEEING.
   862 | D:2      | 862 ||| FLEEEEING.
   863 | D:2      | 863 ||| FLEEEEING.
   864 | D:2      | 864 ||| FLEEEEING.
   865 | D:2      | 865 ||| FLEEEEING.
   866 | D:2      | 866 ||| FLEEEEING.
   867 | D:2      | 867 ||| FLEEEEING.
   868 | D:2      | 868 ||| FLEEEEING.
   869 | D:2      | 869 ||| FLEEEEING.
   870 | D:2      | 870 ||| FLEEEEING.
   871 | D:2      | 871 ||| FLEEEEING.
   872 | D:2      | 872 ||| STAIRDANCE
   910 | D:1      | 910 ||| UPGRADING to +0 ring mail.
   920 | D:1      | 920 ||| DROPPING +0 leather armour.
   921 | D:1      | 921 ||| READING 2 scrolls of identify.
   921 | D:1      | 921 ||| IDENTIFYING brown potion
   922 | D:1      | 922 ||| READING scroll of identify.
   922 | D:1      | 922 ||| IDENTIFYING scroll labelled QOCIW AREUJAO
   923 | D:1      | 923 ||| READING scroll of enchant weapon.
   923 | D:1      | 923 ||| ENCHANTING +0 shortbow.
   924 | D:1      | 924 ||| DROPPING potion of ambrosia.
   961 | D:2      | Reached skill level 7 in Ranged Weapons
   973 | D:2      | HP: 3/20 [jackal (3)]
   977 | D:2      | HP: 1/20 [jackal (2)]
  1239 | D:2      | 1239 ||| READING scroll of enchant weapon.
  1239 | D:2      | 1239 ||| ENCHANTING +1 shortbow.
  1455 | D:2      | 1455 ||| READING scroll of identify.
  1455 | D:2      | 1455 ||| IDENTIFYING glowing black potion
  1456 | D:2      | 1456 ||| DROPPING potion of brilliance.
  1527 | D:3      | Reached XP level 4. HP: 25/25 MP: 6/6
  1585 | D:3      | Found an ancient bone altar of Kikubaaqudgha.
  1747 | D:3      | Reached skill level 8 in Ranged Weapons
  2030 | D:3      | Reached XP level 5. HP: 28/29 MP: 7/7
  2409 | D:3      | 2409 ||| READING scroll labelled ROMAKHL BOOP.
  2410 | D:3      | 2410 ||| READING 3 scrolls labelled PAMIAL EBEGUYN.
  2411 | D:3      | 2411 ||| READING scroll labelled ACLIOT EPUARR.
  2412 | D:3      | 2412 ||| READING scroll labelled VUXTUO LAGGEDD.
  2417 | D:3      | 2417 ||| DROPPING 2 scrolls of revelation.
  2425 | D:4      | 2425 ||| PLANNING SEWER
  2427 | D:4      | 2427 ||| STAIRDANCE
  2430 | D:4      | 2430 ||| STAIRDANCE
  2438 | D:4      | 2438 ||| STAIRDANCE
  2466 | D:4      | Found a glowing drain.
  2474 | D:4      | Reached skill level 9 in Ranged Weapons
  2492 | Sewer    | Entered a sewer
  2611 | Sewer    | Reached XP level 6. HP: 35/35 MP: 8/8
  2642 | Sewer    | Found a viscous altar of Jiyva.
  2651 | Sewer    | 2651 ||| READING scroll of enchant weapon.
  2651 | Sewer    | 2651 ||| ENCHANTING +2 shortbow.
  2689 | Sewer    | 2689 ||| READING scroll of identify.
  2689 | Sewer    | 2689 ||| IDENTIFYING green potion
  2690 | Sewer    | 2690 ||| READING scroll labelled EBYURE RANO.
  2692 | Sewer    | 2692 ||| Stepping ~*~*~tactically~*~*~ (cloud).
  2791 | D:4      | 2791 ||| PLANNING D:1-11
  2815 | D:4      | 2815 ||| FLEEEEING.
  2821 | D:4      | 2821 ||| FLEEEEING.
  2823 | D:4      | 2823 ||| FLEEEEING.
  2824 | D:4      | 2824 ||| FLEEEEING.
  2825 | D:4      | 2825 ||| FLEEEEING.
  2826 | D:4      | 2826 ||| FLEEEEING.
  2827 | D:4      | 2827 ||| FLEEEEING.
  3157 | D:4      | Reached skill level 10 in Ranged Weapons
  3164 | D:4      | Found a broken altar of Ashenzari.
  3178 | D:4      | Reached skill level 3 in Dodging
  3445 | D:4      | Found a basalt altar of Yredelemnul.
  3460 | D:4      | Reached XP level 7. HP: 40/40 MP: 9/9
  3470 | D:4      | HP: 8/40 [gnoll bouda/+0 club (7)]
  3472 | D:4      | 3472 ||| FLEEEEING.
  3812 | D:4      | Reached skill level 11 in Ranged Weapons
  3832 | D:4      | HP: 10/40 [poisoned by an adder]
  4419 | D:4      | 4419 ||| DROPPING amulet of magic regeneration.
  4469 | D:5      | Entered Level 5 of the Dungeon
  4483 | D:5      | 4483 ||| RETREEEEATING.
  4483 | D:5      | Noticed Prince Ribbit
  4484 | D:5      | 4484 ||| RETREEEEATING.
  4485 | D:5      | 4485 ||| RETREEEEATING.
  4487 | D:5      | 4487 ||| RETREEEEATING.
  4488 | D:5      | 4488 ||| RETREEEEATING.
  4489 | D:5      | 4489 ||| RETREEEEATING.
  4492 | D:5      | HP: 3/40 [Prince Ribbit (11)]
  4494 | D:5      | Mangled by Prince Ribbit

Levels and vault maps discovered:
D:1:      minmay_arrival_open_corners, layout_loops_cross,
          shapermc_ecumenical_altar_flowoftime, chequers_garden
D:2:      layout_basic, basic_altar, minmay_surrounded
D:3:      layout_loops_corners, mainiacjoe_overflow_chevrons,
          minmay_misc_feat_four_crosses
D:4:      minmay_clustersquares, layout_layer_cave, lemuel_tele_altar,
          ashenzari_altar_1, cheibrodos_sewer_entry_sluice,
          minmay_misc_feat_plants
D:5:      layout_rooms, kb_xom_exploding_sheep, uniq_prince_ribbit1

Skill      XL: |  1  2  3  4  5  6  7 |
---------------+----------------------+-----
Ranged Weapons | 6 7 8 9 10 11 | 11.5
Fighting       | 2 |  2.0
Dodging        | 3 |  3.9
Stealth        | |  1.2

Action                     |  1- 3 |  4- 6 |  7- 9 || total
---------------------------+-------+-------+-------++-------
   Fire: Shortbow          |   127 |   165 |    81 ||   373
    Use: Scroll            |     7 |     7 |       ||    14
 Armour: Leather armour    |    15 |       |       ||    15
         Ring mail         |    25 |    36 |    43 ||   104
  Dodge: Dodged            |    41 |    33 |    42 ||   116

Table legend:
 A = Non-vault XP
 B = Vault XP
 C = Vault XP percentage of total XP
 D = Non-vault monster count
 E = Vault monster count
 F = Vault count percentage of total count
                 A         B        C        D         E       F
            +---------+---------+-------+---------+---------+-------
      Total |     754 |     351 |  31.8 |      99 |      33 |  25.0
            +---------+---------+-------+---------+---------+-------
        D:1 |      34 |       0 |   0.0 |      19 |       0 |   0.0
        D:2 |      54 |       4 |   6.9 |      23 |       3 |  11.5
        D:3 |     169 |       0 |   0.0 |      28 |       0 |   0.0
        D:4 |     475 |     230 |  32.6 |      27 |      11 |  28.9
        D:5 |      22 |       0 |   0.0 |       2 |       0 |   0.0
      Sewer |       0 |     117 | 100.0 |       0 |      19 | 100.0
            +---------+---------+-------+---------+---------+-------
